 Dungeon Crawl Stone Soup version 0.32-a0-870-g877066f4b4 (webtiles) character file.

Game seed: 7658991689049305043

2210169 NormalPerson7 the Pyromancer (level 27, 277/277 HPs)
             Began as a Naga Wanderer on Mar 28, 2024.
             Was an Elder of Cheibriados.
             Escaped with the Orb
             ... and 4 runes on Mar 29, 2024!
             The game lasted 05:04:04 (76905 turns).

NormalPerson7 the Pyromancer (Naga Wanderer)       Turns: 76905, Time: 05:04:05

Health: 277/277    AC: 46    Str: 24    XL:     27
Magic:  35/35      EV: 20    Int: 28    God:    Cheibriados [****..]
Gold:   3080       SH: 20    Dex: 31    Spells: 14/50 levels left

rFire   + + +        a - +10 demon whip "Jellybane" {flame, rF+ Str-4 Int+3}
rCold   + . .        f - +4 kite shield {AC+3}
rNeg    + . .        F - +8 chain mail {ponderous}
rPois   +            n - -2 hat of the Alchemist {rElec rPois rF+ rC+ rN+ Will+ rMut rCorr}
rElec   +            X - +2 cloak {rCorr}
rCorr   +            N - +2 pair of gloves of the Sea {rElec Stlth+}
SInv    +            V - +4 barding
Will    +++++        y - amulet of Plog {Spirit Will+ Regen+}
Stlth   +            S - +4 ring of slaying
HPRegen 1.46/turn    W - ring "Yppem" {rF+ Int+3 Dex+3}
MPRegen 0.24/turn

%: resist mutation, guardian spirit
@: studying 3 skills, very slow
A: AC +9, large, see invisible, deformed body, poison resistance, slowness 2,
spit poison 1, naga tail 2, dopey 1, low MP 1, weak 1
0: Orb of Zot
}: 4/15 runes: barnacled, slimy, silver, gossamer
a: Spit Poison, Renounce Religion, Bend Time, Temporal Distortion, Slouch


You escaped.
You worshipped Cheibriados.
Cheibriados was greatly pleased with you.
You visited 11 branches of the dungeon, and saw 53 of its levels.
You also visited: Sewer, Gauntlet, Ice Cave and Wizlab.

You collected 8259 gold pieces.
You spent 5179 gold pieces at shops.

Inventory:

Hand Weapons
 a - the +10 demon whip "Jellybane" (weapon) {flame, rF+ Str-4 Int+3}
   (You took it off an efreet on level 11 of the Dungeon)

   Str-4:     It affects your strength (-4).
   Int+3:     It affects your intelligence (+3).
   rF+:       It protects you from fire.
Missiles
 g - 7 throwing nets {!f}
 T - 3 curare-tipped darts
 Y - 73 boomerangs
Armour
 f - a +4 kite shield of protection (worn)
 n - the -2 hat of the Alchemist (worn) {rElec rPois rF+ rC+ rN+ Will+ rMut rCorr}
   (You found it on level 3 of the Elven Halls)

   rF+:       It protects you from fire.
   rC+:       It protects you from cold.
   rElec:     It insulates you from electricity.
   rPois:     It protects you from poison.
   rN+:       It protects you from negative energy.
   Will+:     It increases your willpower.
   rCorr:     It protects you from acid and corrosion.
   rMut:      It protects you from mutation.
 F - a +8 chain mail of ponderousness (worn)
 N - the +2 pair of gloves of the Sea (worn) {rElec Stlth+}
   (You bought it in a shop on level 2 of the Shoals)

   rElec:     It insulates you from electricity.
   Stlth+:    It makes you more stealthy.
 V - a +4 barding (worn)
 X - a +2 cloak of preservation (worn)
Jewellery
 d - the ring "Poulocwam" {rPois rC+ Str+3 Int+3 SInv}
   (You found it on level 4 of the Spider Nest)

   [ring of protection from cold]

   Str+3:     It affects your strength (+3).
   Int+3:     It affects your intelligence (+3).
   rC+:       It protects you from cold.
   rPois:     It protects you from poison.
   SInv:      It lets you see invisible.
 k - the ring "Deiddimo" {Fly rN+ Will+ rCorr Str+3}
   (You found it on level 9 of the Dungeon)

   [ring of flight]

   Str+3:     It affects your strength (+3).
   rN+:       It protects you from negative energy.
   Will+:     It increases your willpower.
   Fly:       It grants you flight.
   rCorr:     It protects you from acid and corrosion.
 y - the amulet of Plog (around neck) {Spirit Will+ Regen+}
   (You found it on level 4 of the Spider Nest)

   [amulet of guardian spirit]

   Spirit:    It causes incoming damage to be divided between your reserves of
   health and magic.
   Will+:     It increases your willpower.
   Regen+:    It increases your rate of health regeneration.
 C - the amulet of Mofuina {Reflect Slay+3 SH+5}
   (You found it on level 5 of the Pits of Slime)

   [amulet of reflection]

   Reflect:   It reflects blocked missile attacks.
   Slay+3:    It affects your accuracy & damage with ranged weapons and melee
   (+3).
   SH+5:      It affects your SH (+5).
 D - a ring of wizardry
 E - a +5 ring of evasion
 S - a +4 ring of slaying (left hand)
 W - the ring "Yppem" (right hand) {rF+ Int+3 Dex+3}
   (You found it on level 1 of the Shoals)

   [ring of protection from fire]

   Int+3:     It affects your intelligence (+3).
   Dex+3:     It affects your dexterity (+3).
   rF+:       It protects you from fire.
Wands
 w - a wand of digging (21)
 G - a wand of mindburst (32)
 J - a wand of roots (27)
 K - a wand of quicksilver (37)
 M - a wand of polymorph (56)
 R - a wand of paralysis (38)
Scrolls
 e - 6 scrolls of fear
 o - 4 scrolls of fog
 p - 8 scrolls of vulnerability
 t - 15 scrolls of teleportation
 u - a scroll of summoning {!r}
 x - a scroll of blinking
 A - 11 scrolls of immolation
 B - 14 scrolls of poison
 O - 2 scrolls of silence
 Q - a scroll of revelation
Potions
 h - 7 potions of heal wounds
 i - 7 potions of brilliance
 l - 6 potions of invisibility
 m - 7 potions of might
 q - 13 potions of curing
 r - 8 potions of enlightenment
 s - 3 potions of resistance
 v - 8 potions of attraction
 z - 6 potions of magic
 H - 8 potions of lignification
 L - 6 potions of mutation
 U - 12 potions of ambrosia
Miscellaneous
 b - a phantom mirror
 j - a Gell's gravitambourine (1/2)
 I - a lightning rod (4/4)
 P - a tin of tremorstones (2/2)
 Z - a box of beasts


   Skills:
 - Level 22.0 Fighting
 - Level 7.0 Long Blades
 - Level 3.0(8.3) Axes
 - Level 11.8(12.0) Maces & Flails
 - Level 2.3(3.1) Polearms
 - Level 17.0 Armour
 + Level 19.3 Dodging
 - Level 6.0 Stealth
 - Level 14.0 Shields
 - Level 12.0 Spellcasting
 - Level 2.0 Conjurations
 - Level 4.0 Summonings
 - Level 9.0 Translocations
 - Level 22.4 Fire Magic
 - Level 9.0 Air Magic
 - Level 14.0 Invocations
 - Level 15.1 Evocations


You had 14 spell levels left.
You knew the following spells:

 Your Spells              Type           Power      Damage    Failure   Level
a - Summon Small Mammal   Summ           100%       N/A       3%          1
b - Lesser Beckoning      Tloc           100%       N/A       1%          2
c - Momentum Strike       Conj/Tloc      94%        3d10      2%          2
d - Call Imp              Summ           78%        N/A       4%          2
g - Passage of Golubria   Tloc           61%        N/A       3%          4
i - Ignition              Fire           48%        3d14      11%         8
m - Maxwell's Portable P  Tloc           61%        2d(14-28) 3%          4
p - Apportation           Tloc           100%       N/A       1%          1
v - Vhi's Electric Charg  Tloc/Air       100%       N/A       3%          4
x - Plasma Beam           Fire/Air       40%        2x1d54    3%          6
X - Blink                 Tloc           100%       N/A       1%          2

Your spell library contained the following spells:

 Spells                   Type           Power      Damage    Failure   Level
 Scorch                   Fire           100%       2d9       0%          2
 Foxfire                  Conj/Fire      100%       2x1d9     1%          1
 Shock                    Conj/Air       100%       1d9       1%          1
 Inner Flame              Hex/Fire       68%        N/A       1%          3
 Swiftness                Air            61%        N/A       1%          3
 Teleport Other           Tloc           61%        N/A       1%          3
 Flame Wave               Conj/Fire      71%        2d16      1%          4
 Ignite Poison            Fire/Alch      68%        N/A       1%          4
 Sticky Flame             Fire/Alch      68%        2d11      1%          4
 Summon Blazeheart Golem  Fire/Summ      74%        N/A       1%          4
 Mercury Vapours          Alch/Air       84%        N/A       3%          2
 Airstrike                Air            30%        2d(5-21)  3%          4
 Fireball                 Conj/Fire      35%        3d15      3%          5
 Magic Dart               Conj           100%       1d8       7%          1
 Cigotuvi's Dreadful Rot  Necr/Alch/Air  66%        N/A       7%          2
 Call Canine Familiar     Summ           39%        N/A       9%          3
 Kiss of Death            Conj/Necr      88%        2d12      11%         1
 Sting                    Conj/Alch      88%        1d8       11%         1
 Searing Ray              Conj           56%        2d6       11%         2
 Mephitic Cloud           Conj/Alch/Air  37%        N/A       11%         3
 Summon Lightning Spire   Summ/Air       52%        N/A       11%         4
 Freeze                   Ice            64%        1d7       16%         1
 Necrotise                Necr           64%        1d7       16%         1
 Sandblast                Erth           32%        2d9       16%         1
 Slow                     Hex            64%        N/A       16%         1
 Iskenderun's Mystic Bla  Conj/Tloc      47%        2d10      (+2d516%    4
 Starburst                Conj/Fire      35%        6d10      16%         6
 Summon Ice Beast         Ice/Summ       28%        N/A       21%         3
 Ensorcelled Hibernation  Hex/Ice        32%        N/A       24%         2
 Jinxbite                 Hex            32%        N/A       24%         2
 Sublimation of Blood     Necr           16%        N/A       24%         2
 Dimensional Bullseye     Hex/Tloc       21%        N/A       24%         4
 Dazzling Flash           Conj/Hex       44%        N/A       30%         3
 Hailstorm                Conj/Ice       22%        3d7       30%         3
 Stone Arrow              Conj/Erth      44%        3d9       30%         3
 Summon Forest            Summ/Tloc      26%        N/A       30%         5
 Arcjolt                  Conj/Air       23%        1d33      41%         5
 Confusing Touch          Hex            16%        N/A       43%         3
 Frozen Ramparts          Ice            32%        1d5       43%         3
 Fugue of the Fallen      Necr           16%        N/A       43%         3
 Ozocubu's Armour         Ice            16%        N/A       43%         3
 Sigil of Binding         Hex            16%        N/A       43%         3
 Tukima's Dance           Hex            16%        N/A       43%         3
 Vampiric Draining        Necr           16%        2d7       43%         3
 Dispersal                Tloc           30%        N/A       52%         6
 Gell's Gavotte           Tloc           30%        2d(25-37) 52%         6
 Animate Armour           Summ/Erth      56%        N/A       56%         4
 Martyr's Knell           Necr/Summ      28%        N/A       56%         4
 Silence                  Hex/Air        21%        N/A       56%         5
 Freezing Cloud           Conj/Ice/Air   18%        6-21      69%         5
 Brom's Barrelling Bould  Conj/Erth      22%        2d4       71%         4
 Fulminant Prism          Conj/Alch      11%        3d9       71%         4
 Anguish                  Hex/Necr       8%         N/A       83%         4
 Dispel Undead            Necr           16%        3d10      83%         4
 Leda's Liquefaction      Alch/Erth      8%         N/A       83%         4
 Olgreb's Toxic Radiance  Alch           16%        N/A       83%         4
 Iskenderun's Battlesphe  Conj           28%        2d8       88%         5
 Summon Mana Viper        Hex/Summ       28%        N/A       88%         5
 Conjure Ball Lightning   Conj/Air       23%        3x3d6     94%         6
 Irradiate                Conj/Alch      11%        3d15      96%         5
 Manifold Assault         Tloc           30%        N/A       97%         7
 Alistair's Intoxication  Alch           10%        N/A       99%         5
 Borgnjor's Vile Clutch   Necr/Erth      8%         N/A       99%         5
 Curse of Agony           Necr           16%        N/A       99%         5
 Lee's Rapid Deconstruct  Erth           8%         3d7*      99%         5
 Summon Cactus Giant      Summ           19%        N/A       99%         6
 Bombard                  Conj/Erth      11%        9d3       100%        6
 Permafrost Eruption      Ice/Erth       8%         2x4d4     100%        6
 Sculpt Simulacrum        Ice/Alch       8%         N/A       100%        6
 Malign Gateway           Summ/Tloc      26%        N/A       100%        7
 Monstrous Menagerie      Summ           19%        N/A       100%        7
 Orb of Destruction       Conj           14%        9d7       100%        7
 Ozocubu's Refrigeration  Ice            8%         4d9       100%        7
 Spellforged Servitor     Conj/Summ      16%        N/A       100%        7
 Summon Hydra             Summ           19%        N/A       100%        7
 Discord                  Hex            8%         N/A       100%        8
 Lehudib's Crystal Spear  Conj/Erth      11%        10d4      100%        8
 Maxwell's Capacitive Co  Air            30%        ∞         100%        8
 Summon Horrible Things   Summ           19%        N/A       100%        8
 Chain Lightning          Conj/Air       23%        3d31      100%        9
 Dragon's Call            Summ           19%        N/A       100%        9
 Fire Storm               Conj/Fire      35%        8d9       100%        9
 Polar Vortex             Ice            8%         12d1*     100%        9
 Shatter                  Erth           8%         3d10*     100%        9


Dungeon Overview and Level Annotations

Branches:
Dungeon (15/15)            Temple (1/1) D:5            Lair (5/5) D:10
 Shoals (4/4) Lair:2       Spider (4/4) Lair:2        Slime (5/5) Lair:5
    Orc (2/2) D:12            Elf (3/3) Orc:2        Vaults (5/5) D:13
  Crypt (0/3) Vaults:2     Depths (4/4) D:15            Zot (5/5) Depths:4
  Sewer (visited)           IceCv (visited)          WizLab (visited)
Gauntlet (visited)

Altars:
Ashenzari
Cheibriados
Dithmenos
Elyvilon
Fedhas
Gozag
Hepliaklqana
Kikubaaqudgha
Makhleb
Nemelex Xobeh
Okawaru
Qazlal
Ru
Sif Muna
Trog
Uskayaw
Vehumet
Wu Jian
Xom
Yredelemnul
Zin
The Shining One
Jiyva

Shops:
D:6 *   D:9 *   Orc:1 [   Orc:2 ?(***   Elf:2 :==   Shoals:1 !   Shoals:2 ([[
Shoals:3 (   Vaults:1 (   Vaults:4 :   Depths:1 [

Portals:
Hell: Depths:1 Depths:2 Depths:3 Depths:4
Abyss: Depths:1 Depths:2 Depths:3
Pandemonium: Depths:1 Depths:2 Depths:3
Ziggurat: Depths:2

Annotations:
Spider:1 1 runed translucent door, exclusion: door, HourglassMan's ghost, adept TeAE
Spider:2 3 runed translucent doors, exclusion: 3 doors, Necromancer21's ghost, adept DjIE
Elf:2 3 runed translucent doors, exclusion: 3 doors, Roxanne
Zot:2 1 exclusion
Zot:5 1 exclusion


Innate Abilities, Weirdness & Mutations

Your serpentine skin is tough. (AC +9)
You have supernaturally acute eyesight. (SInv)
Armour fits poorly on your strangely shaped body.
Your system is resistant to poisons. (rPois)
You cover ground very slowly.
You can spit poison.
You can use your snake-like lower body to constrict enemies.
You are dopey. (Int -2)
Your magical capacity is low. (-10% MP)
You are weak. (Str -2)


Message History

No target in view!
There is an open gate here.
A blizzard demon comes into view.
The blizzard demon shouts!
The blizzard demon gestures at you.
You are engulfed in freezing vapours.
You resist.
The blizzard demon is engulfed in freezing vapours.
The blizzard demon waves its arms in wide circles.
The air twists around and strikes you.
You are engulfed in freezing vapours.
You resist. The blizzard demon barely misses you.
The blizzard demon hits you but does no damage.
The blizzard demon waves its arms in wide circles.
The air twists around and strikes you. The blizzard demon barely misses you.
You block the blizzard demon's attack. x3
The blizzard demon closely misses you. The blizzard demon misses you.
The blizzard demon gestures at you. The bolt of lightning misses you.
The tree burns like a torch!
You block the blizzard demon's attack. x2
You closely miss the blizzard demon. Your grab misses the blizzard demon.
The blizzard demon gestures at you. The bolt of cold misses you.
You thrash the blizzard demon!! You burn the blizzard demon!
You grab the blizzard demon.
The blizzard demon is heavily wounded.
You constrict the blizzard demon. The blizzard demon gestures at you.
The bolt of cold misses you.
You whack the blizzard demon! You burn the blizzard demon.
The blizzard demon is severely wounded.
You constrict the blizzard demon. You whack the blizzard demon!
You burn the blizzard demon.
The blizzard demon is almost dead.
You are engulfed in blazing flames.
You resist.
You constrict the blizzard demon.
You kill the blizzard demon!
Cheibriados appreciates the change of pace.
No target in view!
There is a staircase leading out of the dungeon here.
You have escaped!

≈≈~~....♣#..#.#..#.##.##.#
≈≈≈~....♣####.#..#.##.##.#
≈≈~.....P# #....#.......#
≈≈.......# ###.#####.####
≈~~~....P# #.......#
≈≈≈.....♣##############
≈≈≈......♣P.P§♣♣
≈≈~~.........§§♣♣♣
≈≈≈....P.♣...§§♣@♣
≈≈~~............P♣
≈≈≈≈~............♣
≈≈≈≈~≈...........♣
≈≈≈≈≈~~~~..~~..♣♣♣♣
≈≈≈≈≈≈≈≈~~~~≈~~~≈≈♣
≈≈≈≈≈≈≈≈≈≈≈≈~≈≈~≈≈♣
≈≈≈≈≈≈≈≈≈≈≈≈≈≈≈≈≈≈≈≈≈♣
######################


There were no monsters in sight!

Vanquished Creatures
  Frederick (Vaults:4)
  4 orbs of fire (Zot:5)
  An ancient lich (Vaults:5)
  A dread lich (Depths:3)
  4 juggernauts
  Boris (Vaults:5)
  A Killer Klown (Zot:2)
  A pandemonium lord (D:1)
  2 curse toes (Zot:4)
  A caustic shrike (Depths:2)
  Nikola (Vaults:1)
  7 golden dragons
  the Enchantress (Depths:1)
  Arachne (Spider:4)
  A bone dragon (Depths:2)
  An electric golem (Zot:4)
  10 tentacled monstrosities
  A Hell Sentinel (D:1)
  Asterion (Vaults:1)
  A walking earthen tome (Depths:3)
  7 liches
  A deep elf blademaster (Elf:3)
  7 titans
  3 quicksilver dragons
  21 Orb Guardians
  3 deep elf master archers (Elf:3)
  The ghost of Oretred the Warrior, an adept MiFi of Okawaru (Spider:4)
  12 acid blobs
  A walking frostbound tome (Depths:4)
  8 sphinxes
  A tentacled starspawn (WizLab)
  An Executioner (D:12)
  An ancient champion (Depths:2)
  7 death cobs
  10 shadow dragons
  Donald (Elf:1)
  2 nagarajas (WizLab)
  A fenstrider witch (Depths:3)
  8 storm dragons
  13 rockslimes
  9 tengu reavers
  8 azure jellies
  2 draconian monks
  7 draconian knights
  A draconian scorcher (Zot:3)
  9 protean progenitors
  15 frost giants
  12 fire giants
  5 ghost moths (Spider:4)
  5 draconian shifters
  4 emperor scorpions
  2 iron dragons
  12 vault wardens
  7 deep elf sorcerers
  A balrug (Depths:2)
  4 orc warlords
  A draconian stormcaller (Zot:2)
  An angel (D:13)
  10 deep elf elementalists
  23 ironbound preservers
  6 ironbound thunderhulks
  12 quicksilver oozes
  A ghoul (Vaults:2)
  5 draconian annihilators
  4 demonspawn corrupters (WizLab)
  A cacodemon (D:2)
  22 stone giants
  27 very ugly things
  4 formless jellyfish
  2 broodmothers
  4 spriggan defenders
  9 deep elf death magi
  10 black draconians
  A demonspawn black sun (D:14)
  5 vampire knights
  5 deep elf demonologists
  10 deep elf annihilators
  12 yellow draconians
  A minotaur (Gauntlet)
  3 bunyips
  18 white draconians
  12 green draconians
  4 war gargoyles
  4 lorocyprocas
  9 red draconians
  6 dire elephants (Vaults:1)
  6 spark wasps
  9 purple draconians
  13 ettins
  2 blizzard demons (D:1)
  7 merfolk javelineers
  6 merfolk impalers
  2 jiangshi (Depths:1)
  An entropy weaver (shapeshifter) (D:12)
  14 fire dragons
  16 ice dragons
  9 deep elf high priests
  12 entropy weavers
  28 vault guards
  6 rakshasas
  21 yaktaur captains
  5 spriggan air magi
  13 great orbs of eyes
  Erolcha (Orc:2)
  2 merfolk avatars
  21 centaur warriors
  8 jorogumos
  2 hell beasts
  A catoblepas (Lair:5)
  An ogre mage (D:15)
  5 radroaches
  4 hydras
  18 ironbound frosthearts
  2 alligator snapping turtles (Shoals:4)
  A peacekeeper (Vaults:1)
  A death knight (Vaults:2)
  12 dancing weapons
  11 boulder beetles
  5 vampire magi
  14 deep troll shamans
  8 death yaks
  A death scarab (Gauntlet)
  14 two-headed ogres
  4 merfolk aquamancers
  A satyr (Shoals:2)
  16 deep troll earth magi
  A shock serpent (shapeshifter) (Depths:1)
  5 spriggan berserkers
  3 shock serpents (Zot:1)
  9 demonic crawlers
  2 orc high priests (Orc:2)
  5 tengu warriors
  A fire crab (Lair:5)
  9 occultists
  6 sun demons
  Nergalle (D:11)
  A soul eater (Depths:2)
  14 hell knights
  20 deep elf knights
  A skyshark (Shoals:2)
  5 pharaoh ants
  2 sixfirhies
  10 sea snakes
  A quicksilver dragon simulacrum (Depths:2)
  4 skeletal warriors
  8 orb spiders
  14 iron trolls
  11 glowing orange brains
  A swamp dragon (WizLab)
  A flayed ghost (Depths:1)
  A deep troll (shapeshifter) (Depths:2)
  9 arcanists
  20 lindwurms
  2 sun moths
  2 bog bodies (Shoals:1)
  56 deep trolls
  An orange crystal statue (IceCv)
  20 ironbound convokers
  A lindwurm (shapeshifter) (Depths:3)
  12 steelbarb worms
  8 deep elf archers
  2 phantasmal warriors
  17 harpies
  5 thermic dynamos
  7 necromancers
  Pikel (D:4)
  11 orc knights
  23 deep elf zephyrmancers
  2 eyes of devastation (shapeshifter)
  7 orc sorcerers
  32 deep elf pyromancers
  A harpy (shapeshifter) (D:13)
  A sun moth (shapeshifter) (Vaults:5)
  An obsidian bat (Orc:2)
  11 fauns
  29 ugly things
  26 wolf spiders
  5 shining eyes
  3 worldbinders (WizLab)
  13 manticores
  8 cyclopes
  A kobold blastminer (Orc:1)
  16 meliai
  An eye of devastation (Slime:4)
  An ice statue (Elf:3)
  4 black mambas
  20 moths of wrath
  9 water nymphs
  6 merfolk sirens
  An apocalypse crab (Shoals:1)
  17 vault sentinels
  An orange demon (D:2)
  3 water nymphs (shapeshifter)
  A smoke demon (D:11)
  6 large abominations
  13 cane toads
  5 torpor snails
  An unseen horror (D:12)
  A rime drake (shapeshifter) (Elf:1)
  A gargoyle (D:13)
  10 rime drakes
  46 yaktaurs
  A kobold demonologist (D:13)
  A hellion (Depths:3)
  4 tengu conjurers
  2 efreet
  9 komodo dragons
  6 trolls
  A red devil (D:1)
  A freezing wraith (D:14)
  A yaktaur skeleton (Vaults:4)
  20 polar bears
  35 merfolk
  5 wind drakes
  9 hornets
  A queen bee (Gauntlet)
  A tyrant leech (Shoals:1)
  Grinder (D:4)
  41 tarantellas
  Prince Ribbit (D:7)
  A deep troll zombie (Vaults:4)
  A snapping turtle (shapeshifter) (Depths:1)
  28 dream sheep
  A spectral black mamba (Gauntlet)
  A frost giant simulacrum (Vaults:4)
  A glass eye (Slime:5)
  7 snapping turtles
  2 human simulacra (Vaults:4)
  2 blink frogs
  A glass eye (shapeshifter) (Vaults:1)
  50 slime creatures
  30 culicivoras
  15 spriggans
  Sigmund (D:4)
  34 jumping spiders
  2 shadows
  3 small abominations
  5 air elementals
  2 wraiths
  16 water elementals
  57 yaks
  3 ynoxinuls
  2 fire bats (D:11)
  7 wyverns
  9 wargs
  8 basilisks
  5 fire elementals
  4 golden eyes (Slime:4)
  61 redbacks
  14 vampire mosquitoes
  Edmund (D:4)
  2 acid dragons (D:10)
  23 water moccasins
  Duvessa (D:4)
  A water moccasin (shapeshifter) (D:15)
  21 orc warriors
  4 sky beasts (D:8)
  5 black bears
  6 ice beasts
  A tengu (shapeshifter) (Elf:2)
  11 ogres
  26 wolves
  18 centaurs
  11 boggarts
  A crocodile (shapeshifter) (Depths:3)
  3 lemures (D:4)
  2 phantoms
  5 kobold brigands
  A brain worm (Sewer)
  21 bullfrogs
  2 gnoll sergeants
  2 earth elementals (Elf:3)
  9 scorpions
  A hornet simulacrum (D:15)
  Dowan (D:4)
  2 wights (D:8)
  5 killer bees
  5 electric eels
  5 howler monkeys
  7 hounds
  3 bombardier beetles
  2 gnoll boudas
  5 jellies
  36 orc priests
  3 iguanas (D:5)
  3 sleepcaps
  Natasha (thrice) (D:3)
  52 orc wizards
  Robin (D:3)
  16 gnolls
  8 adders
  A shadow imp (D:8)
  4 white imps
  6 ufetubi (D:6)
  7 ribbon worms
  4 dart slugs
  103 orcs
  4 endoplasms
  8 giant cockroaches
  11 hobgoblins
  2 jackals (D:3)
  5 quokkas
  8 ball pythons
  6 bats
  6 frilled lizards
  14 goblins
  24 kobolds
  9 rats
  An aspiring flesh (Zot:2)
  A butterfly (Lair:3)
2517 creatures vanquished.

Vanquished Creatures (collateral kills)
  the Royal Jelly (Slime:5)
  A dread lich (Zot:5)
  An ancient lich (Zot:5)
  2 orbs of fire (Zot:5)
  2 Killer Klowns (Zot:5)
  An electric golem (Zot:5)
  A kraken (Shoals:1)
  A redback (Spider:4)
  A vampire mosquito (D:13)
  A kobold (D:4)
  A tentacle (Shoals:1)
13 creatures vanquished.

Vanquished Creatures (others)
  A white draconian (Zot:5)
  A vampire mage (Depths:4)
  An orb spider (Spider:4)
  An orc knight (Vaults:5)
  2 deep elf zephyrmancers
  A jumping spider (Spider:4)
  A redback (Spider:4)
  An orc wizard (Orc:1)
  4 starspawn tentacles (WizLab)
  12 tentacles (Shoals:1)
25 creatures vanquished.

Grand Total: 2555 creatures vanquished

Notes
Turn   | Place    | Note
-------+----------+-------------------------------------------
     0 | D:1      | NormalPerson7 the Naga Wanderer began the quest for the
                  | Orb.
     0 | D:1      | NormalPerson7 set off with the following items: a +3
                  | falchion, a +0 hand axe, a potion of lignification, a +0
                  | leather armour.
     0 | D:1      | Reached XP level 1. HP: 22/22 MP: 1/1
   547 | D:1      | Reached skill level 1 in Stealth
   800 | D:1      | Reached XP level 2. HP: 30/30 MP: 2/2
  2112 | D:2      | Reached XP level 3. HP: 36/36 MP: 3/3
  2775 | D:3      | Reached XP level 4. HP: 44/44 MP: 4/4
  2985 | D:3      | Noticed a scorpion
  2992 | D:3      | Killed a scorpion
  2993 | D:3      | Reached skill level 5 in Stealth
  2993 | D:3      | Reached XP level 5. HP: 46/50 MP: 5/5
  3083 | D:3      | Noticed Natasha
  3091 | D:3      | Killed Natasha
  3233 | D:3      | Noticed Natasha
  3288 | D:3      | Killed Natasha
  3627 | D:3      | Noticed Robin
  3806 | D:3      | Reached skill level 5 in Long Blades
  3812 | D:3      | Killed Robin
  3881 | D:3      | Reached XP level 6. HP: 54/57 MP: 6/6
  3941 | D:3      | Noticed Natasha
  3959 | D:3      | Killed Natasha
  4180 | D:3      | Learned a level 2 spell: Call Imp
  5048 | D:4      | Reached skill level 1 in Summonings
  5262 | D:4      | Reached XP level 7. HP: 29/64 MP: 7/7
  5469 | D:4      | Noticed Dowan
  5469 | D:4      | Noticed Duvessa
  5474 | D:4      | Noticed Grinder
  5489 | D:4      | Killed Duvessa
  5510 | D:4      | Killed Grinder
  5511 | D:4      | Reached skill level 5 in Fighting
  5516 | D:4      | Killed Dowan
  5517 | D:4      | Reached skill level 1 in Dodging
  5517 | D:4      | Reached XP level 8. HP: 74/74 MP: 8/8
  5598 | D:4      | Noticed Pikel
  6183 | D:4      | Learned a level 1 spell: Summon Small Mammal
  6245 | D:4      | Noticed Edmund
  6404 | D:5      | Entered Level 5 of the Dungeon
  6434 | D:5      | Reached skill level 1 in Spellcasting
  6593 | D:5      | Found a glowing drain.
  6600 | Sewer    | Entered a sewer
  6848 | Sewer    | Noticed Pargi
  7447 | D:5      | Noticed a two-headed ogre
  7519 | D:5      | Found a staircase to the Ecumenical Temple.
  7568 | Temple   | Entered the Ecumenical Temple
  7587 | Temple   | Became a worshipper of Cheibriados the Contemplative
  7971 | D:4      | Reached skill level 1 in Invocations
  7971 | D:4      | Reached XP level 9. HP: 74/81 MP: 15/15
  7974 | D:4      | Learned a level 2 spell: Lesser Beckoning
  8014 | D:4      | Killed Edmund
  8181 | D:4      | Reached skill level 1 in Translocations
  8491 | D:4      | Noticed Sigmund
  8501 | D:4      | Killed Sigmund
  8529 | D:4      | Learned a level 2 spell: Blink
  8863 | D:4      | Killed Pikel
  9719 | D:6      | Reached * piety under Cheibriados
  9901 | D:6      | Found Kutysal's Assorted Antiques.
  9909 | D:6      | Bought an encrusted bronze wand for 104 gold pieces
  9909 | D:6      | Bought a scroll labelled CUEGIUNIEG for 26 gold pieces
  9909 | D:6      | Bought a scroll labelled CUEGIUNIEG for 26 gold pieces
 10763 | D:6      | Reached ** piety under Cheibriados
 11968 | D:7      | Reached XP level 10. HP: 48/94 MP: 16/16
 12165 | D:7      | Noticed Prince Ribbit
 12360 | D:7      | Found an ornate altar of the Wu Jian Council.
 12504 | D:7      | Killed Prince Ribbit
 13277 | D:8      | Noticed a two-headed ogre
 13317 | D:8      | Reached skill level 1 in Polearms
 13497 | D:8      | Reached *** piety under Cheibriados
 13908 | D:8      | Noticed a two-headed ogre
 13991 | D:8      | Killed a two-headed ogre
 13992 | D:8      | Reached skill level 5 in Invocations
 14184 | D:8      | Identified the ring "Fuebisec" {rC+ MP+9}
 14244 | D:8      | Reached **** piety under Cheibriados
 14300 | D:8      | Noticed a centaur warrior
 14612 | D:8      | Identified the amulet of Jotoger {Acrobat Harm rN+ Regen+
                  | Dex-3}
 14617 | D:8      | Reached skill level 5 in Translocations
 14648 | D:8      | Identified the staff of Buom {rPois Int+3 Alchemy}
 14671 | D:8      | Noticed a two-headed ogre
 14699 | D:8      | Killed a two-headed ogre
 14700 | D:8      | Reached XP level 11. HP: 88/104 MP: 17/17
 14968 | D:8      | Noticed a four-headed hydra
 14981 | D:8      | Killed a two-headed ogre
 14982 | D:8      | Reached skill level 5 in Dodging
 14983 | D:8      | HP: 27/156 [four-headed hydra (11)]
 14983 | D:8      | HP: 13/156 [four-headed hydra (8)]
 14984 | D:8      | HP: 6/156 [four-headed hydra (6)]
 14986 | D:8      | Killed a four-headed hydra
 14986 | D:8      | HP: 2/156 [centaur/stone (4)]
 15385 | D:8      | Reached skill level 1 in Shields
 15398 | D:7      | Learned a level 2 spell: Momentum Strike
 15556 | D:6      | Bought a buckler for 117 gold pieces
 15836 | D:9      | Noticed a deep elf pyromancer
 15846 | D:9      | Killed a deep elf pyromancer
 16038 | D:9      | Noticed a centaur warrior
 16097 | D:9      | Noticed a two-headed ogre
 16114 | D:9      | Killed a two-headed ogre
 16727 | D:9      | Noticed a two-headed ogre
 16739 | D:9      | Killed a two-headed ogre
 16739 | D:9      | Reached ***** piety under Cheibriados
 16740 | D:9      | Reached skill level 5 in Shields
 17717 | D:5      | Killed a two-headed ogre
 17718 | D:5      | Reached XP level 12. HP: 64/112 MP: 18/18
 17844 | D:5      | Found a bloodstained altar of Trog.
 17943 | D:5      | Learned a level 4 spell: Maxwell's Portable Piledriver
 18156 | D:9      | Noticed a boulder beetle
 18195 | D:10     | Entered Level 10 of the Dungeon
 18203 | D:10     | Noticed a two-headed ogre
 18261 | D:10     | Killed a two-headed ogre
 18747 | D:10     | Found a staircase to the Lair.
 19654 | D:8      | Killed a centaur warrior
 19925 | D:11     | Noticed Nergalle
 19940 | D:11     | Killed Nergalle
 19988 | D:11     | Noticed a centaur warrior
 20102 | D:11     | Identified the +10 demon whip "Jellybane" {flame, rF+ Str-4
                  | Int+3}
 20193 | D:11     | Reached skill level 1 in Maces & Flails
 20930 | D:11     | Killed a centaur warrior
 21118 | D:9      | Killed a boulder beetle
 21119 | D:9      | Reached skill level 5 in Maces & Flails
 21127 | D:9      | Killed a centaur warrior
 21218 | D:9      | Noticed a boulder beetle
 21234 | D:9      | Killed a boulder beetle
 21258 | D:9      | Identified the ring "Deiddimo" {Fly rN+ Will+ rCorr Str+3}
 21379 | D:9      | Found Biellih's General Store.
 21385 | D:9      | Bought a scroll of teleportation for 51 gold pieces
 21484 | Lair:1   | Entered Level 1 of the Lair of Beasts
 21751 | Lair:1   | Gained mutation: You can use your snake-like lower body to
                  | constrict enemies. [Naga growth]
 21751 | Lair:1   | Reached XP level 13. HP: 120/120 MP: 19/19
 22460 | Lair:2   | Identified the +0 scale mail of Qaqi {rF+}
 22566 | D:9      | Bought a +2 cloak of preservation for 365 gold pieces
 22741 | Lair:2   | Found a staircase to the Shoals.
 23142 | Lair:2   | Reached skill level 10 in Maces & Flails
 23643 | Lair:2   | Found a hole to the Spider Nest.
 23657 | Lair:2   | Reached ****** piety under Cheibriados
 24214 | Lair:2   | Reached skill level 10 in Fighting
 24469 | Lair:3   | Identified the +1 leather armour "Heinekk" {rC- Str+5}
 24942 | Lair:4   | Reached XP level 14. HP: 133/133 MP: 20/20
 25117 | Lair:4   | Found a basalt altar of Yredelemnul.
 25413 | Lair:4   | Got the Spellbook of Coordinates and Immolation
 25664 | Lair:5   | Entered Level 5 of the Lair of Beasts
 25716 | Lair:5   | Found a viscous altar of Jiyva.
 25716 | Lair:5   | Found a staircase to the Slime Pits.
 25749 | Lair:5   | Reached skill level 10 in Invocations
 26233 | Lair:5   | Reached skill level 1 in Armour
 27341 | Lair:5   | Reached skill level 5 in Armour
 27579 | D:12     | Reached XP level 15. HP: 133/141 MP: 23/23
 27734 | D:12     | Found a staircase to the Orcish Mines.
 28225 | D:12     | Found a shadowy altar of Dithmenos.
 28468 | D:13     | Found a gate leading to a gauntlet.
 28477 | Gauntlet | Entered a Gauntlet
 28477 | Gauntlet | Found a transporter.
 28632 | Gauntlet | Found a transporter.
 28633 | Gauntlet | Found a transporter.
 28651 | Gauntlet | Found a transporter.
 28656 | Gauntlet | Found a transporter.
 28673 | Gauntlet | Found a transporter.
 28686 | Gauntlet | Found a transporter.
 28697 | Gauntlet | Found a transporter.
 28704 | Gauntlet | Found a transporter.
 28728 | Gauntlet | Found a transporter.
 28741 | Gauntlet | Found a runed translucent gate.
 28742 | Gauntlet | Found a transporter.
 28742 | Gauntlet | Found a runed translucent gate.
 28742 | Gauntlet | Found a transporter.
 28743 | Gauntlet | Found a runed translucent gate.
 28796 | Gauntlet | Found a transporter.
 28810 | Gauntlet | Found a transporter.
 28990 | Gauntlet | Identified the +0 pair of gloves of Quiescent Knowledge
                  | {Regen+}
 29867 | D:13     | Found a gate to the Vaults.
 31716 | D:14     | Reached skill level 10 in Dodging
 32252 | D:15     | Entered Level 15 of the Dungeon
 32512 | D:15     | Reached skill level 5 in Evocations
 32512 | D:15     | Reached XP level 16. HP: 150/150 MP: 21/24
 32515 | D:15     | Found a staircase to the Depths.
 33076 | Orc:1    | Entered Level 1 of the Orcish Mines
 33592 | Orc:1    | Found Wacudgh's Antique Armour Shoppe.
 33654 | Orc:2    | Entered Level 2 of the Orcish Mines
 33658 | Orc:2    | Noticed Erolcha
 33665 | Orc:2    | Killed Erolcha
 33810 | Orc:2    | Found a staircase to the Elven Halls.
 33972 | Orc:2    | Found Joagudd's General Store.
 33972 | Orc:2    | Found Qajag's Assorted Antiques.
 33973 | Orc:2    | Found Edas Suj's Antique Weapon Shop.
 33977 | Orc:2    | Found Coyck's Magic Scroll Shop.
 33983 | Orc:2    | Bought a scroll of blinking for 135 gold pieces
 33983 | Orc:2    | Bought a scroll of summoning for 171 gold pieces
 33983 | Orc:2    | Bought a scroll of identify for 36 gold pieces
 33983 | Orc:2    | Bought a scroll of identify for 36 gold pieces
 33987 | Orc:2    | Bought a scroll of teleportation for 39 gold pieces
 33988 | Orc:2    | Bought 2 scrolls of teleportation for 108 gold pieces
 33988 | Orc:2    | Bought a scroll of teleportation for 54 gold pieces
 33988 | Orc:2    | Bought a scroll of teleportation for 54 gold pieces
 33988 | Orc:2    | Bought a scroll of poison for 72 gold pieces
 33990 | Orc:2    | Bought a scroll of identify for 62 gold pieces
 33990 | Orc:2    | Bought a wand of roots (8) for 595 gold pieces
 33990 | Orc:2    | Bought a potion of might for 124 gold pieces
 34086 | Orc:2    | Found Zoomykut's Overcharged Wands.
 34576 | Spider:1 | Entered Level 1 of the Spider Nest
 34723 | Spider:1 | Found a runed translucent door.
 34731 | Spider:1 | Noticed HourglassMan's ghost (adept TeAE)
 35942 | Spider:2 | Reached XP level 17. HP: 161/163 MP: 23/25
 36058 | Spider:2 | Found a runed translucent gate.
 36059 | Spider:2 | Noticed Necromancer21's ghost (adept DjIE)
 36075 | Spider:2 | Identified the +11 dagger of Anxiety {venom, rC- Int+3
                  | Dex+6 Stlth+}
 36081 | Spider:2 | Identified the +8 halberd of Cobwebs {freeze, Fly rN+ MP+9}
 36232 | Spider:2 | Reached skill level 1 in Fire Magic
 36349 | Spider:2 | Reached skill level 5 in Fire Magic
 36533 | Spider:2 | Found a runed translucent gate.
 36533 | Spider:2 | Found a runed translucent gate.
 37563 | Spider:4 | Entered Level 4 of the Spider Nest
 37591 | Spider:4 | Found a runed translucent door.
 37591 | Spider:4 | Noticed Oretred's ghost (adept MiFi)
 37601 | Spider:4 | Reached skill level 10 in Fire Magic
 37630 | Spider:4 | Reached skill level 1 in Air Magic
 37635 | Spider:4 | Killed Oretred's ghost
 37644 | Spider:4 | Identified the amulet of Plog {Spirit Will+ Regen+}
 37645 | Spider:4 | Identified the ring "Poulocwam" {rPois rC+ Str+3 Int+3
                  | SInv}
 37721 | Spider:4 | Reached skill level 5 in Air Magic
 37739 | Spider:4 | Noticed Arachne
 37836 | Spider:4 | Killed Arachne
 38048 | Spider:4 | Learned a level 4 spell: Vhi's Electric Charge
 38068 | Spider:4 | Reached XP level 18. HP: 171/171 MP: 27/27
 38899 | Spider:4 | Got a gossamer rune of Zot
 38911 | Spider:4 | Identified the +1 hat of Joefuph {Will++ rCorr Int-3
                  | Stlth+}
 39179 | Shoals:1 | Entered Level 1 of the Shoals
 39350 | Shoals:1 | Found Zutesoun's Distillery.
 39355 | Shoals:1 | Bought a potion of heal wounds for 85 gold pieces
 39355 | Shoals:1 | Bought a potion of heal wounds for 85 gold pieces
 39397 | Shoals:1 | Reached skill level 5 in Spellcasting
 41051 | Shoals:1 | Identified the ring "Yppem" {rF+ Int+3 Dex+3}
 41246 | Shoals:1 | Noticed a tentacled monstrosity
 41258 | Shoals:1 | Killed a tentacled monstrosity
 41366 | Shoals:1 | Got the Folio of Mad Ravings
 41894 | Shoals:2 | Identified the +2 ring mail "Heuhaipo" {rElec Regen+
                  | Stlth+}
 41903 | Shoals:2 | Found Ureran's Antique Weapon Shoppe.
 42161 | Shoals:2 | Found Lijibaenn's Armour Shoppe.
 42364 | Shoals:2 | Found Jyfoas's Antique Armour Emporium.
 42569 | Shoals:3 | Found Sakin's Weapon Emporium.
 43175 | Shoals:4 | Entered Level 4 of the Shoals
 43196 | Shoals:4 | Reached XP level 19. HP: 118/178 MP: 9/28
 43530 | Shoals:4 | Identified the staff "Sunong" {rC+ Will++ Ice}
 43737 | Shoals:4 | Reached skill level 10 in Armour
 43759 | Shoals:4 | Got a barnacled rune of Zot
 44639 | Elf:1    | Entered Level 1 of the Elven Halls
 44792 | Shoals:2 | Bought the +2 pair of gloves of the Sea {rElec Stlth+} for
                  | 406 gold pieces
 45086 | Elf:1    | Noticed Donald
 45092 | Elf:1    | Killed Donald
 46197 | Elf:1    | Upgraded the game from 0.32-a0-861-g165e151e72 to
                  | 0.32-a0-870-g877066f4b4
 46405 | Elf:2    | Paralysed by an air elemental for 1 turns
 46409 | Elf:2    | Paralysed by an air elemental for 1 turns
 46476 | Elf:2    | Noticed Roxanne
 46668 | Elf:2    | Found Fovae's Book Boutique.
 46669 | Elf:2    | Found Feahu's Jewellery Shoppe.
 46669 | Elf:2    | Found Pixahaol's Jewellery Shoppe.
 46717 | Elf:2    | Reached XP level 20. HP: 191/192 MP: 14/29
 46721 | Elf:2    | Found a runed translucent gate.
 46721 | Elf:2    | Found a runed translucent gate.
 46721 | Elf:2    | Found a runed translucent gate.
 47158 | Elf:3    | Entered Level 3 of the Elven Halls
 47188 | Elf:3    | Found a glacial archway.
 47201 | IceCv    | Entered an ice cave
 47326 | IceCv    | Reached skill level 10 in Shields
 47770 | IceCv    | Found the +8 frozen axe "Frostbite" {freeze, freezing
                  | cloud, *Noise Fly rC+}
 47779 | IceCv    | Got the Enchiridion on Hypothermia
 49653 | Elf:3    | Reached skill level 15 in Fighting
 49653 | Elf:3    | Gained mutation: You are dopey. (Int -2) [a neqoxec]
 50021 | Elf:3    | Identified the ring of the Barnacle {+Blink rN++ Will+
                  | Str-5 Int+4}
 50543 | Elf:3    | Identified the +8 falchion of Voodixt {freeze, *Rage rPois
                  | rF+ Dex+6}
 50740 | Elf:3    | Found the -2 hat of the Alchemist {rElec rPois rF+ rC+ rN+
                  | Will+ rMut rCorr}
 50812 | Elf:3    | Got the Book of Terrestrial Concoctions
 50816 | Elf:3    | Got Mnoleg's Elucidation of the Gathering
 50910 | Elf:3    | Identified the +1 pair of boots of Voeddai {rElec rC+
                  | rCorr}
 50920 | Elf:3    | Got Gyxux's Almanac of the Alpine Fifth Circle
 50952 | Elf:3    | Got the Incunable of the Fulgurous Flock
 51032 | Elf:3    | Identified the staff of Bojigiong {rC+ rN+ Int+6 Ice}
 51187 | Orc:2    | Bought a scroll of enchant armour for 135 gold pieces
 51342 | Vaults:1 | Entered Level 1 of the Vaults
 51431 | Vaults:1 | Noticed Asterion
 51438 | Vaults:1 | Killed Asterion
 51441 | Vaults:1 | Reached skill level 15 in Fire Magic
 51441 | Vaults:1 | Reached XP level 21. HP: 189/201 MP: 19/30
 51446 | Vaults:1 | Identified the +0 chain mail of the Stone Wall {*Slow
                  | Regen+ Dex+8}
 51672 | Vaults:1 | Learned a level 6 spell: Plasma Beam
 51879 | Vaults:1 | Noticed Nikola
 51887 | Vaults:1 | Killed Nikola
 52096 | Vaults:1 | Found Cabb's Weapon Shop.
 54884 | Vaults:2 | Found a staircase to the Crypt.
 54900 | Vaults:2 | Reached XP level 22. HP: 197/208 MP: 27/31
 55211 | Vaults:2 | Learned a level 8 spell: Ignition
 57255 | Vaults:4 | Reached skill level 10 in Spellcasting
 57287 | Vaults:4 | Found a magical portal.
 57299 | WizLab   | Entered Alistair's Party Mansion
 57746 | WizLab   | Learned a level 1 spell: Apportation
 57847 | WizLab   | Learned a level 4 spell: Passage of Golubria
 58063 | Vaults:4 | Acquired 953 gold pieces
 58400 | Orc:1    | Bought a pitted plate armour for 1064 gold pieces
 58400 | Orc:1    | Identified the +4 plate armour of the Everdark {^Drain rF++
                  | rN+} (You bought it in a shop on level 1 of the Orcish
                  | Mines)
 58559 | Shoals:2 | Bought a jewelled scale mail for 189 gold pieces
 58559 | Shoals:2 | Identified the +3 scale mail of a Billion Orbs {rF+} (You
                  | bought it in a shop on level 2 of the Shoals)
 58720 | D:6      | Bought a Gell's gravitambourine (2/2) for 1040 gold pieces
 59029 | Vaults:4 | Identified the orb of Wrong Decisions {*channel, rPois
                  | Str+5 Stlth- Ice}
 59029 | Vaults:4 | Noticed Frederick
 59051 | Vaults:4 | Killed Frederick
 59186 | Vaults:4 | Found Yveoh's Book Shoppe.
 59489 | Vaults:4 | Reached XP level 23. HP: 219/219 MP: 32/37
 60218 | Depths:1 | Entered Level 1 of the Depths
 60228 | Depths:1 | Noticed the Enchantress
 60231 | Depths:1 | Killed the Enchantress
 60242 | Depths:1 | Found a gateway to Hell.
 60404 | Depths:1 | Reached skill level 15 in Dodging
 60530 | Depths:1 | Found a one-way gate leading to the halls of Pandemonium.
 60705 | Depths:1 | Found Issugyem's Armour Boutique.
 60929 | Depths:1 | Found a one-way gate to the infinite horrors of the Abyss.
 62340 | Depths:2 | Found a sparkling altar of Nemelex Xobeh.
 62822 | Depths:2 | Found a blossoming altar of Fedhas.
 62949 | Depths:2 | Reached XP level 24. HP: 218/234 MP: 28/37
 62987 | Depths:2 | Found a one-way gateway to a ziggurat.
 63751 | Depths:2 | Noticed a juggernaut
 63764 | Depths:2 | Killed a juggernaut
 63901 | Depths:2 | Noticed a caustic shrike
 63906 | Depths:2 | Killed a caustic shrike
 64530 | Depths:3 | Noticed a dread lich
 64538 | Depths:3 | Killed a dread lich
 64966 | Depths:3 | Reached skill level 10 in Evocations
 65310 | Depths:3 | Found a runed translucent door.
 65314 | Depths:3 | Noticed a juggernaut
 65314 | Depths:3 | Noticed a juggernaut
 65327 | Depths:3 | Killed a juggernaut
 65335 | Depths:3 | Killed a juggernaut
 65351 | Depths:3 | Reached XP level 25. HP: 90/244 MP: 6/37
 65455 | Depths:3 | Identified the +4 steam dragon scales of the Tick {rElec
                  | Int+2 Dex+4}
 65466 | Depths:3 | Identified the staff of Pestilence {rN+ Int+3 Dex+2 Necro}
 65583 | Depths:3 | Found a sacrificial altar of Ru.
 65711 | Depths:4 | Entered Level 4 of the Depths
 65954 | Depths:4 | Noticed a juggernaut
 65982 | Depths:4 | Killed a juggernaut
 66392 | Depths:4 | Identified the +0 helmet of Ynuat {rPois rC++}
 66573 | Depths:4 | Found a gate to the Realm of Zot.
 67579 | Slime:1  | Entered Level 1 of the Pits of Slime
 68459 | Slime:5  | Entered Level 5 of the Pits of Slime
 68525 | Slime:5  | Reached skill level 15 in Armour
 68527 | Slime:5  | Noticed the Royal Jelly
 68716 | Slime:5  | Killed the Royal Jelly
 68999 | Slime:5  | Identified the staff "Death Rattle" {Fly rPois Will- Stlth+
                  | Earth}
 69052 | Slime:5  | Got a slimy rune of Zot
 69083 | Slime:5  | Identified the ring of New Discoveries {+Blink rElec rF+
                  | Will+}
 69089 | Slime:5  | Identified the amulet of Mofuina {Reflect Slay+3 SH+5}
 69666 | Vaults:5 | Entered Level 5 of the Vaults
 69736 | Vaults:5 | Reached XP level 26. HP: 255/261 MP: 29/38
 69905 | Vaults:5 | Identified the +3 robe of Dishonesty {Int+2}
 69905 | Vaults:5 | Noticed Boris
 70048 | Vaults:5 | Identified the +1 dire flail of the Tent {heavy, Str-2
                  | Int+5}
 70048 | Vaults:5 | Identified the amulet "Raik" {rPois Regen+ Dex+3 SInv}
 70052 | Vaults:5 | Identified the ring "Aginexo" {Fly rElec rC+ Int+4 Dex-2}
 70094 | Vaults:5 | Identified the +12 quarterstaff "Goll" {elec, rF+ Str-3
                  | Int+3 Dex+4}
 70123 | Vaults:5 | Identified the amulet "Lull" {Reflect rC- Int+5 SH+5}
 70465 | Vaults:5 | Killed Boris
 70595 | Vaults:5 | Identified the +12 whip "Ocuur" {holy, Str+3 Int+2 Stlth+}
 70710 | Vaults:5 | Identified the +2 battleaxe of Ympuppea {vamp, rF+ rN+
                  | Int+4}
 71190 | Vaults:5 | Identified the +4 plate armour "Taem" {Rampage rCorr Int+3
                  | SInv}
 71312 | Vaults:5 | Noticed an ancient lich
 71321 | Vaults:5 | Killed an ancient lich
 71418 | Vaults:5 | Got a silver rune of Zot
 71420 | Vaults:5 | Reached skill level 15 in Evocations
 71420 | Vaults:5 | Reached XP level 27. HP: 271/271 MP: 39/39
 72234 | Zot:1    | Entered Level 1 of the Realm of Zot
 74889 | Zot:3    | Found a glowing golden altar of the Shining One.
 75553 | Zot:4    | Identified the death talisman of Impermeability {rF+ Str+5}
 75929 | Zot:5    | Entered Level 5 of the Realm of Zot
 76180 | Zot:5    | Noticed a dread lich
 76221 | Zot:5    | Noticed an orb of fire
 76224 | Zot:5    | Noticed an orb of fire
 76224 | Zot:5    | Noticed an ancient lich
 76229 | Zot:5    | Killed an orb of fire
 76232 | Zot:5    | Killed an ancient lich
 76237 | Zot:5    | Noticed an orb of fire
 76239 | Zot:5    | Killed a dread lich
 76239 | Zot:5    | Noticed an orb of fire
 76241 | Zot:5    | Noticed an orb of fire
 76241 | Zot:5    | Killed an orb of fire
 76245 | Zot:5    | Got the Orb of Zot
 76258 | Zot:5    | Noticed an orb of fire
 76258 | Zot:5    | Noticed an orb of fire
 76264 | Zot:5    | Gained mutation: Your magical capacity is low. (-10% MP)
                  | [an orb of fire]
 76266 | Zot:5    | Killed an orb of fire
 76267 | Zot:5    | Killed an orb of fire
 76267 | Zot:5    | Gained mutation: You are weak. (Str -2) [an orb of fire]
 76268 | Zot:5    | Killed an orb of fire
 76268 | Zot:5    | Killed an orb of fire
 76617 | D:10     | Noticed a seraph
 76779 | D:1      | Noticed a seraph
 76842 | D:1      | Noticed Ufodghuimn the pandemonium lord
 76858 | D:1      | Killed Ufodghuimn the pandemonium lord
 76905 | D:$      | Escaped with the Orb!

Illustrated notes

Levels and vault maps discovered:
D:1:      kennysheep_arrival_seaside, layout_basic
D:2:      layout_loops_cross
D:3:      layout_loops_cross, chequers_jeans, uniq_robin, uniq_ijyb,
          uniq_natasha
D:4:      kb_forest_paths, layout_basic, minmay_pentomino_pile, uniq_sigmund,
          uniq_pikel, uniq_edmund, uniq_duvessa, uniq_grinder
D:5:      nicolae_BIG_FREAKIN_CUBE, layout_gridville,
          lemuel_coloured_pillars_altar, temple_pool_b, portal_sewer_entry_e,
          st_stairs_6, minmay_joined_circles
D:6:      layout_layer_cave, serial_shops, shop, due_unseen_surprise
D:7:      layout_basic, nicolae_wu_jian_immortal_techniques, uniq_prince_ribbit1
D:8:      minmay_the_grid_octo_tiled_octocenter [minmay_the_grid_octo_odd_swirl,
          minmay_the_grid_octo_chip, minmay_the_grid_octo_checkered,
          minmay_the_grid_octo_fat_diamond,
          minmay_the_grid_octo_prize_ultimate_mussel_roller,
          minmay_the_grid_square_5x5_inner_i, minmay_the_grid_square_5x5_corner,
          minmay_the_grid_square_5x5_seven,
          minmay_the_grid_square_5x5_bracketed], layout_loops_ring
D:9:      minmay_tri_box, layout_gridville, serial_shops, shop
D:10:     layout_gridville, lair_entry_dummy
D:11:     minmay_firetagon, layout_small_grid, uniq_nergalle
D:12:     layout_gridville, hiddenorc2_lemuel, grunt_dithmenos_shadows
D:13:     layout_basic, david_vaults_4, serial_co_window_serial,
          co_window_paths_a, co_window_paths_b, co_window_corner_a,
          co_window_paths_b, co_window_paths_a, co_window_corner_ca,
          co_window_broadway_a, co_window_cross_3, co_window_broadway_c,
          co_window_unsneaky_path_e, co_window_paths_c, co_window_corner_ca,
          co_window_4corner_b, glass_columns_a, gauntlet_entry_generic
D:14:     dreamdust_black_sun_cult, layout_layer_cave, minivault_27
D:15:     hangedman_depths_entry_civil_slaughter, layout_loops_cross,
          corexii_corridor_pit
Temple:   nicolae_temple_slightly_damp_pantheon
Lair:1:   layout_regular_city
Lair:2:   nzn_winding_woodlands_large [nzn_winding_woodlands_5x5_cross,
          nzn_winding_woodlands_5x15_pathside_ponds,
          nzn_winding_woodlands_5x5_open_star,
          nzn_winding_woodlands_center_lodge,
          nzn_winding_woodlands_15x15_killbox,
          nzn_winding_woodlands_center_garden, nzn_winding_woodlands_5x5_three,
          nzn_winding_woodlands_5x15_pool, nzn_winding_woodlands_5x5_perimeter],
          layout_misc_corridors, minmay_shoals_entry_hut,
          nicolae_spider_entry_non_spiders
Lair:3:   layout_concentric_octagons, lemuel_fruit_fields
Lair:4:   layout_hall_layers, basic_altar, st_stairs_9, grunt_megastairs_4,
          serial_bayou_shore_b, infiniplex_staircase_pool
Lair:5:   minmay_lair_end_enchanted_forest, layout_cave_pods, slime_entry_1
Shoals:1: dreamdust_from_the_deep, layout_shoals, serial_shops,
          nicolae_shop_rolling_square, nicolae_shoals_secluded_bog
Shoals:2: layout_shoals, serial_shops, shop, nicolae_lakefront_shop,
          nicolae_shop_back_alley_shop
Shoals:3: layout_shoals, serial_shops, nicolae_shop_tiny_real_fake_doors,
          abandoned_shop
Shoals:4: shoals_end_simple, layout_shoals
Spider:1: layout_cave_pods, ebering_ghost_inner_flame,
          nicolae_spider_webs_and_nodes, nicolae_spider_nooks_and_crannies
Spider:2: layout_spider_delve, gammafunk_ghost_split, hive_lemuel
Spider:3: layout_spider_delve
Spider:4: grunt_spider_rune_parallel, ebering_ghost_reflecting_pool,
          nicolae_arachne_temple
Slime:1:  layout_caves
Slime:2:  layout_caves
Slime:3:  layout_caves
Slime:4:  layout_caves, nicolae_slime_rock_hall_of_fame
Slime:5:  slime_pit_nicolae_block_by_block
Orc:1:    layout_caves, serial_shops, nicolae_shop_stone, mines5_lemuel
Orc:2:    st_orc_mages, layout_caves, regret_index_minedec_shroomtown_chain,
          nicolae_shop_overcharged_wands, uniq_erolcha
Elf:1:    minmay_elf_arrival_plus, layout_onion_city,
          nicolae_elf_blasts_and_bolts, uniq_donald
Elf:2:    elven_hall_of_blades_hangedman_original
          [infiniplex_blade_entry_pillars], layout_gridlike, minmay_shop_grove,
          uniq_roxanne
Elf:3:    nooodl_elf_gasket, layout_geoelf_castle,
          portal_ice_cave_entry_ice_statue_one
Vaults:1: hangedman_vaults_slither, st_star, nicolae_vaults_six-pack,
          nicolae_vaults_heart-shaped_vault, nicolae_vaults_big_ls,
          ontoclasm_vaults_claustrophobia, grunt_vaults_bifocal, v_pattern_3,
          nicolae_vaults_wrenched, nicolae_vaults_little_squares_3,
          nicolae_vaults_diamond_1, layout_vaults_big_cross, serial_shops, shop,
          uniq_nikola, uniq_asterion
Vaults:2: vaults_dpeg_encased_lava, hangedman_vaults_trim,
          nicolae_vaults_puzzle_piece, v_pattern_2, v_rooms_5,
          hangedman_vaults_hat, vaults_room_large_hall,
          nicolae_vaults_heart-shaped_vault, minmay_crypt_entry_simple_round,
          nicolae_vaults_fighting_squares, layout_vaults_big_room, serial_glass
Vaults:3: nicolae_vaults_offset_grid_hallway_4,
          nicolae_vaults_mini_display_case, nicolae_vaults_little_guard_posts,
          nicolae_vaults_tetromino_L_1, vaults_room_hallway,
          vaults_mumra_minichess, v_misc_5, nicolae_vaults_storage_room_water,
          nicolae_vaults_tetromino_T_1, layout_vaults_omnigrid
Vaults:4: mu_enter_wizlab_5, vaults_room_boxed, vaults_room_pool,
          nicolae_vaults_cochlea, vaults_dpeg_hooks,
          nicolae_vaults_security_offices_6, hangedman_vaults_nails, v_misc_26,
          nicolae_vaults_closet_pinwheel_3, nicolae_vaults_sesquioval_fish,
          hangedman_vaults_nails, vaults_room_pool, layout_vaults_omnibox,
          serial_shops, shop, uniq_frederick
Vaults:5: uniq_boris
Depths:1: layout_roguey, abyss_entry, serial_shops, nicolae_shop_tiny_glass,
          rand_demon_pan_entry_5, hell_entry, kennysheep_decorative_pillar,
          eino_tiny_chamber, kennysheep_generic_room_3, grunt_megastairs_5,
          uniq_enchantress
Depths:2: minmay_nested_s, layout_cave_shapes, enter_ziggurat_f,
          grunt_mini_vestibule, fedhas_altar_1,
          nicolae_abyss_entry_one_way_or_another, rand_demon_pan_entry_9,
          hangedman_abyss_or_decor_lesser_grid, hangedman_decor_lopped,
          roderic_roman_lattice, nemelex_xobeh_ov_fountains_minmay
Depths:3: hellmonk_paralyzer, layout_cave_shapes,
          regret_index_abyss_entry_earlier_magic, hellmouth_1,
          rand_demon_pan_entry_7, nicolae_ru_the_path_less_chosen,
          minmay_st_funbox
Depths:4: grunt_twist_and_shout, layout_long_grid, hell_entry,
          corexii_leaking_fountain, drop_trap, lightli_minifort,
          kennysheep_random_hallway
Zot:1:    layout_gridlike, nicolae_zig_zag_zippers
Zot:2:    nicolae_moth_party, layout_concentric_octagons, grunt_megastairs_3
Zot:3:    layout_misc_corridors, basic_altar, hangedman_zot_decor_slant
Zot:4:    layout_cellular_growth, hangedman_zot_gyre
Zot:5:    layout_misc_corridors

Skill      XL: |  1  2  3  4  5  6  7  8  9 10 11 12 13 14 15 16 17 18 19 20 21 22 23 24 25 26 27 |
---------------+----------------------------------------------------------------------------------+-----
Stealth        | 1 2 3 5 6 |  6.0
Long Blades    | 4 5 7 |  7.0
Summonings     | 3 4 |  4.0
Fighting       | 5 7 8 10 11 13 14 15 17 18 20 22 | 22.0
Evocations     | 3 5 6 10 15 | 15.1
Dodging        | 1 3 4 6 8 11 12 13 14 15 16 19 | 19.3
Spellcasting   | 4 6 10 11 12 | 12.0
Invocations    | 1 3 5 8 11 12 13 14 | 14.0
Translocations | 4 6 8 9 |  9.0
Polearms       | 2 |  2.3
Shields        | 5 9 12 14 | 14.0
Conjurations   | 2 |  2.0
Maces & Flails | 7 11 | 11.8
Armour         | 5 7 8 9 10 12 13 15 17 | 17.0
Fire Magic     | 10 15 22 | 22.4
Air Magic      | 5 9 |  9.0
Axes           | |  3.0

Action                     |  1- 3 |  4- 6 |  7- 9 | 10-12 | 13-15 | 16-18 | 19-21 | 22-24 | 25-27 || total
---------------------------+-------+-------+-------+-------+-------+-------+-------+-------+-------++-------
  Melee: Falchion          |    29 |    95 |   310 |   500 |       |       |       |       |       ||   934
         Dagger            |       |     6 |     6 |     2 |       |       |       |       |       ||    14
         Unarmed           |       |       |    24 |       |       |       |       |       |       ||    24
         Trident           |       |       |       |    38 |       |       |       |       |       ||    38
         Demon whip        |       |       |       |   111 |   851 |  1284 |  1114 |  1385 |  1665 ||  6410
         Constrict         |       |       |       |       |   200 |   349 |   280 |   255 |   212 ||  1296
   Fire: Sling             |       |       |     1 |       |       |       |       |       |       ||     1
  Throw: Boomerang         |     7 |     8 |     5 |    70 |     5 |       |       |       |       ||    95
         Stone             |       |     2 |     1 |       |       |       |       |       |       ||     3
         Dart              |       |       |     7 |    28 |     2 |       |       |       |       ||    37
   Cast: Call Imp          |       |       |     8 |     2 |       |       |       |       |       ||    10
         Summon Small Mamm |       |       |     5 |       |       |       |       |       |       ||     5
         Lesser Beckoning  |       |       |     6 |    12 |    29 |    40 |    19 |    10 |     3 ||   119
         Blink             |       |       |     3 |    14 |     1 |     2 |     1 |     2 |    10 ||    33
         Momentum Strike   |       |       |       |     9 |     2 |       |       |       |       ||    11
         Vhi's Electric Ch |       |       |       |       |       |    42 |   144 |   103 |    58 ||   347
         Maxwell's Portabl |       |       |       |       |       |       |     8 |     1 |       ||     9
         Plasma Beam       |       |       |       |       |       |       |    35 |   101 |    36 ||   172
         Apportation       |       |       |       |       |       |       |       |    16 |     2 ||    18
         Passage of Golubr |       |       |       |       |       |       |       |     4 |     5 ||     9
         Ignition          |       |       |       |       |       |       |       |     3 |    31 ||    34
 Invoke: Bend Time         |       |       |     1 |     8 |     3 |       |     1 |     2 |       ||    15
         Slouch            |       |       |       |     3 |     4 |    11 |     2 |     6 |    13 ||    39
         Temporal Distorti |       |       |       |     1 |     5 |     4 |       |       |       ||    10
         Step From Time    |       |       |       |       |       |       |       |       |     3 ||     3
Ability: Spit Poison       |    25 |    43 |    41 |    12 |       |       |       |       |       ||   121
  Evoke: Wand              |       |       |    14 |     5 |     1 |    17 |     2 |       |    17 ||    56
         Tin of tremorston |       |       |       |       |       |     2 |     1 |       |     4 ||     7
         Lightning rod     |       |       |       |       |       |     1 |       |       |       ||     1
         Box of beasts     |       |       |       |       |       |     1 |       |       |       ||     1
         Phantom mirror    |       |       |       |       |       |     1 |       |       |       ||     1
         Gell's gravitambo |       |       |       |       |       |       |       |       |     1 ||     1
    Use: Potion            |       |       |     4 |     2 |       |     2 |     1 |       |    10 ||    19
         Scroll            |       |       |    10 |     8 |    11 |     7 |    10 |     3 |    19 ||    68
   Stab: Paralysed         |       |       |     7 |     3 |       |       |       |       |     1 ||    11
         Sleeping          |       |       |     5 |     4 |     7 |     2 |     1 |     2 |     4 ||    25
         Distracted        |       |       |     3 |     2 |     4 |     2 |     1 |     3 |     1 ||    16
 Armour: Leather armour    |     7 |       |       |       |       |       |       |       |       ||     7
         Ring mail         |    14 |   104 |   311 |   363 |       |       |       |       |       ||   792
         Skin              |       |       |    49 |       |       |       |       |       |       ||    49
         Chain mail        |       |       |       |   164 |   440 |   802 |   551 |   667 |   916 ||  3540
  Dodge: Dodged            |     9 |    44 |   155 |   361 |   399 |   892 |   448 |   457 |   935 ||  3700
  Block: Buckler           |       |       |       |   148 |   303 |   552 |    77 |       |       ||  1080
         Kite shield       |       |       |       |       |       |       |   561 |   888 |  1300 ||  2749
         Reflection        |       |       |       |       |       |       |    19 |       |       ||    19

Table legend: (Time is in decaauts)
 A = Elapsed time spent in this place.
 B = Non-inter-level travel time spent in this place.
 C = Inter-level travel time spent in this place.
 D = Time resting spent in this place.
 E = Time spent auto-exploring this place.
 F = Levels seen in this place.
 G = Mean time per level.
                   A        B        C        D        E       F      G
               +--------+--------+--------+--------+--------+-----+--------+
         Total | 144511 | 118307 |  26204 |  20717 |  62388 |  57 | 2535.3 |
       Dungeon |  48458 |  35875 |  12583 |   6550 |  15374 |  15 | 3230.5 |
        Temple |     59 |      5 |     54 |      0 |      0 |   1 |   59.0 |
          Lair |  14033 |  10712 |   3321 |   1457 |   6336 |   5 | 2806.6 |
        Shoals |  10661 |   9652 |   1009 |   1751 |   6098 |   4 | 2665.2 |
   Spider Nest |   9009 |   8133 |    876 |   1002 |   5254 |   4 | 2252.2 |
    Slime Pits |   2762 |   2443 |    319 |    823 |     17 |   5 |  552.4 |
  Orcish Mines |   3810 |   2863 |    947 |    128 |   2050 |   2 | 1905.0 |
   Elven Halls |  10734 |   8799 |   1935 |   1934 |   5021 |   3 | 3578.0 |
        Vaults |  19221 |  16380 |   2841 |   3043 |   9948 |   5 | 3844.2 |
        Depths |  12786 |  11086 |   1700 |   2113 |   6506 |   4 | 3196.5 |
           Zot |   8401 |   7788 |    613 |    944 |   5299 |   5 | 1680.2 |
         Sewer |    532 |    532 |      0 |    257 |      0 |   1 |  532.0 |
      Ice Cave |   1384 |   1384 |      0 |    251 |      0 |   1 | 1384.0 |
        Wizlab |   1444 |   1444 |      0 |    232 |      0 |   1 | 1444.0 |
      Gauntlet |   1212 |   1212 |      0 |    227 |    481 |   1 | 1212.0 |
               +--------+--------+--------+--------+--------+-----+--------+

Top non-repeatable levels by time:
   Elf:3: 5674 daAuts
    D:13: 4983 daAuts
Vaults:1: 4545 daAuts
Vaults:3: 4489 daAuts
     D:4: 4343 daAuts
Depths:2: 4293 daAuts
  Lair:2: 4268 daAuts
     D:9: 4213 daAuts
     D:8: 4201 daAuts
Shoals:1: 4021 daAuts
     D:6: 4015 daAuts
Vaults:5: 3832 daAuts
Depths:3: 3766 daAuts
  Lair:5: 3683 daAuts
Vaults:2: 3627 daAuts
